 Dungeon Crawl Stone Soup version 0.27-a0-1219-g958d993ae5 (webtiles) character file.

Game seed: 12402026223399340494

11 Bjuglez the Skirmisher (level 2, -11/27 HPs)
             Began as a Hill Orc Fighter on June 7, 2021.
             Mangled by a gnoll
             ... wielding a +0 halberd
              (12 damage)
             ... on level 2 of the Dungeon.
             The game lasted 00:00:59 (227 turns).

Bjuglez the Skirmisher (Hill Orc Fighter)            Turns: 227, Time: 00:01:01

Health: -11/27     AC:  6    Str: 18    XL:     2   Next: 29%
Magic:  2/2        EV:  7    Int:  8    God:
Gold:   15         SH:  9    Dex: 10    Spells: 1/1 levels left

rFire    . . .     SeeInvis .   a - +0 war axe
rCold    . . .     Faith    .   c - +0 kite shield
rNeg     . . .     Spirit   .   b - +0 scale mail
rPois    .         Reflect  .   (no helmet)
rElec    .         Harm     .   (no cloak)
rCorr    .         Rampage  .   (no gloves)
Will     .....                  (no boots)
Stlth    ..........             (no amulet)
HPRegen  0.09/turn              (no ring)
MPRegen  0.08/turn              (no ring)

@: no status effects
A: no striking features
a: no special abilities


You were on level 2 of the Dungeon.
You visited 1 branch of the dungeon, and saw 2 of its levels.

You collected 15 gold pieces.

Inventory:

Hand Weapons
 a - a +0 war axe (weapon)
Armour
 b - a +0 scale mail (worn)
 c - a +0 kite shield (worn)
Potions
 d - a potion of might


   Skills:
 + Level 4.0 Fighting
 + Level 2.9 Axes
 + Level 3.5 Armour
 + Level 3.4 Shields


You had one spell level left.
You didn't know any spells.
Your spell library was empty.

Dungeon Overview and Level Annotations

Branches:
Dungeon (2/15)

Altars:


Message History

The hobgoblin closely misses you.
A gnoll comes into view. It is wielding a +0 whip.
You closely miss the hobgoblin.
The gnoll shouts!
You hear a shout!
You block the hobgoblin's attack. x2
You barely miss the hobgoblin. You block the hobgoblin's attack.
A hobgoblin comes into view.
You hit the hobgoblin.
The hobgoblin is heavily wounded.
You hit the endoplasm.
You kill the endoplasm!
A gnoll comes into view. It is wielding a +0 flail.
The hobgoblin hits you but does no damage.
The gnoll hits you but does no damage.
The gnoll hits you from afar with a +0 halberd!
The hobgoblin barely misses you. The gnoll barely misses you.
You block the gnoll's attack.
The gnoll shouts!
You block the gnoll's attack.
Found a stone staircase leading up.
You block the hobgoblin's attack.
The gnoll hits you from afar with a +0 spear.
You completely miss the hobgoblin.
The hobgoblin is heavily wounded.
You block the hobgoblin's attack. You block the gnoll's attack.
You block the hobgoblin's attack. The gnoll barely misses you.
Your shield prevents you from hitting the hobgoblin.
The hobgoblin is heavily wounded.
The gnoll hits you from afar with a +0 halberd.
You block the hobgoblin's attack.
The gnoll hits you from afar with a +0 spear.
* * * LOW HITPOINT WARNING * * *
You block the gnoll's attack.
You barely miss the gnoll. You slash the hobgoblin!
You kill the hobgoblin!
You slash the gnoll! You block the gnoll's attack.
The gnoll completely misses you. The gnoll hits you with a +0 flail.
* * * LOW HITPOINT WARNING * * *
The gnoll hits you from afar with a +0 halberd!
You die...

########
#@g<...#
######g†....#
......gg...>#
......g.....#
............#
............#
............#
............#
............#


You could see 4 gnolls and a hobgoblin.

Vanquished Creatures
  An endoplasm (D:2)
  A goblin (D:1)
  2 hobgoblins
  4 jackals (D:1)
  2 bats (D:1)
  A kobold (D:1)
11 creatures vanquished.

Notes
Turn   | Place    | Note
-------+----------+-------------------------------------------
     0 | D:1      | Bjuglez the Hill Orc Fighter began the quest for the Orb.
     0 | D:1      | Reached XP level 1. HP: 19/19 MP: 1/1
   157 | D:1      | Reached XP level 2. HP: 26/27 MP: 2/2
   160 | D:1      | Reached skill level 4 in Fighting
   227 | D:2      | HP: 1/27 [gnoll/+0 flail (6)]
   227 | D:2      | Mangled by a gnoll

Illustrated notes

Levels and vault maps discovered:
D:1:      psy_arrival_whirlpool, layout_rooms
D:2:      layout_rooms, shapermc_ecumenical_altar_mp_highgroup

Skill      XL: |  1  2 |
---------------+-------+-----
Fighting       | 4 |  4.0
Axes           | |  2.9
Armour         | |  3.5
Shields        | |  3.4

Action                   || total
-------------------------++-------
Melee: War axe           ||    20
Armor: Scale mail        ||     9
Dodge: Dodged            ||     8
Block: Kite shield       ||    23

Table legend: (Time is in decaauts)
 A = Elapsed time spent in this place.
 B = Non-inter-level travel time spent in this place.
 C = Inter-level travel time spent in this place.
 D = Time resting spent in this place.
 E = Time spent auto-exploring this place.
 F = Levels seen in this place.
 G = Mean time per level.
                   A        B        C        D        E       F      G
               +--------+--------+--------+--------+--------+-----+--------+
         Total |    238 |    238 |      0 |    100 |      0 |   2 |  119.0 |
       Dungeon |    238 |    238 |      0 |    100 |      0 |   2 |  119.0 |
               +--------+--------+--------+--------+--------+-----+--------+

Top non-repeatable levels by time:
     D:1: 213 daAuts
     D:2: 25 daAuts
